 Dungeon Crawl Stone Soup version 0.22.0-6-g71bd7aa (webtiles) character file.

7533 SolCadguy the Martial Artist (level 10, -11/84 HPs)
             Began as a Green Draconian Transmuter on Aug 15, 2018.
             Was a Priest of Wu Jian.
             Killed from afar by a gargoyle (18 damage)
             ... with a stone arrow
             ... on level 12 of the Dungeon.
             The game lasted 00:48:45 (10304 turns).

SolCadguy the Martial Artist (DrTm)                Turns: 10304, Time: 00:48:45

Health: -11/84     AC:  9    Str: 13    XL:     10   Next: 96%
Magic:  9/13       EV: 16    Int: 15    God:    Wu Jian [***...]
Gold:   443        SH:  0    Dex: 18    Spells: 2/13 levels left

rFire    . . .     SeeInvis .     - Unarmed
rCold    . . .     Gourm    .   (shield currently unavailable)
rNeg     . . .     Faith    .   (armour unavailable)
rPois    +         Spirit   .   (helmet restricted)
rElec    .         Reflect  .   D - +1 cloak (curse)
rCorr    .         Harm     .   (gloves currently unavailable)
MR       .....                  (no boots)
Stlth    +++.......             Q - amulet of regeneration
HPRegen  0.64/turn              j - ring of wizardry
MPRegen  0.13/turn              P - +5 ring of dexterity

@: blade hands
A: breathe noxious fumes, unfitting armour, poison resistance, cold-blooded, AC
+7
a: Breathe Noxious Fumes, End Transformation, Wall Jump, Serpent's Lash,
Renounce Religion


You were on level 12 of the Dungeon.
You worshipped Wu Jian.
Wu Jian was most pleased with you.
You were not hungry.
You had blades for hands.
You visited 2 branches of the dungeon, and saw 11 of its levels.
You also visited: Ossuary.

You collected 623 gold pieces.
You spent 180 gold pieces at shops.

Inventory:

Hand Weapons
 g - a +0 club
 n - a +0 hunting sling
Missiles
 a - 122 arrows
 d - 288 stones (quivered)
 o - 158 sling bullets
 q - 2 tomahawks of returning
 B - 13 poisoned needles
 K - 21 tomahawks
Armour
 D - a cursed +1 cloak (worn)
 H - a +0 buckler
Jewellery
 f - an uncursed ring of flight
 j - a ring of wizardry (left scythe-like blade)
 v - an uncursed ring of protection from cold
 F - an uncursed ring of magical power
 I - an uncursed ring of ice {unknown}
 P - a +5 ring of dexterity (right scythe-like blade)
 Q - an amulet of regeneration (around neck)
 R - a +2 ring of dexterity
Wands
 E - a wand of iceblast (8)
 L - a wand of polymorph (9)
 M - a wand of acid (3)
Scrolls
 k - 5 scrolls of teleportation
 r - 6 scrolls of fear
 s - a scroll of identify
 u - a scroll of blinking
 z - a scroll of enchant armour
 J - a scroll of remove curse
 O - 2 scrolls of immolation {unknown}
 U - a scroll of acquirement {unknown}
Potions
 b - 2 potions of flight
 e - a potion of berserk rage
 h - 4 potions of curing
 i - a potion of brilliance
 l - 3 potions of degeneration {unknown}
 m - 2 potions of lignification
 p - 2 potions of magic {unknown}
 t - 3 potions of heal wounds
 w - a potion of invisibility
 x - 3 potions of might
 A - a potion of mutation
 C - a potion of ambrosia
 G - a potion of haste
 N - 2 potions of cancellation
 S - a potion of agility {unknown}
Comestibles
 c - 21 rations
 T - 2 chunks of flesh


   Skills:
 + Level 6.4 Fighting
 + Level 5.6 Dodging
 - Level 4.6 Stealth
 + Level 11.0 Unarmed Combat
 - Level 2.0 Spellcasting
 - Level 9.1 Transmutations
 - Level 1.5 Poison Magic


You had 2 spell levels left.
You knew the following spells:

 Your Spells              Type           Power        Failure   Level  Hunger
a - Beastly Appendage     Tmut           ####..       4%          1    #......
b - Sticks to Snakes      Tmut           ####....     6%          2    ###....
c - Spider Form           Tmut/Pois      ###.......   17%         3    ###....
d - Blade Hands           Tmut           ####......   26%         5    ######.

Your spell library contained the following spells:

 Spells                   Type           Power        Failure   Level  Hunger
 Summon Small Mammal      Summ           #...         32%         1    #......
 Summon Ice Beast         Ice/Summ       #.......     87%         4    #####..
 Call Imp                 Summ           #.......     41%         2    ###....
 Ice Form                 Ice/Tmut       ###.....     43%         4    #####..
 Call Canine Familiar     Summ           #.......     58%         3    ###....
 Summon Lightning Spire   Summ/Air       #.......     87%         4    #####..
 Summon Guardian Golem    Hex/Summ       #.......     58%         3    ###....


Dungeon Overview and Level Annotations

Branches:
Dungeon (9/15)             Temple (1/1) D:5
   Lair: D:8-11         Orc: D:9-12

Altars:
Ashenzari
Cheibriados
Dithmenos
Elyvilon
Fedhas
Gozag
Hepliaklqana
Kikubaaqudgha
Makhleb
Nemelex Xobeh
Okawaru
Qazlal
Ru
Sif Muna
Trog
Uskayaw
Vehumet
Wu Jian
Xom
Yredelemnul
Zin
The Shining One
Beogh

Shops:
D:5 }(!**

Annotations:
D:3 2 transporters, CowFu's ghost, amateur DsBe


Innate Abilities, Weirdness & Mutations

You can breathe blasts of noxious fumes.
Your lurid green scales are hard. (AC +7)
You cannot fit into any form of body armour.
Your system is resistant to poisons. (rPois)
You are cold-blooded and may be slowed by cold attacks.


Message History

You slice the ogre mage!!
The ogre mage is moderately wounded.
The ogre mage hits you with a flail of protection.
The ice beast completely misses you.
You hit the ogre mage.
The ogre mage is moderately wounded.
The ogre mage hits you with a flail of protection!
The ogre hits you with a giant club!
The ogre mage hits you with a flail of protection.
The ogre mage gestures at you while chanting.
The bolt of lightning hits you! x2
* * * LOW HITPOINT WARNING * * *
Some of the chunks of flesh in your inventory have rotted away.
Unknown command.
As you read the scroll of fear, it crumbles to dust.
You assume a fearsome visage.
The ogre mage looks frightened!
The ogre looks frightened!
The ice beast looks frightened!
The gargoyle hurls a stone arrow at you.
The stone arrow hits you!
You die...

***************###***************
,.......,,,,..,...,,,,,,,,,,,,,,,
.........,,...,..#**,,,*,,,,,,,,,
....O...#**#.#*#.# *,,,*,,,**,,,,
........# #.# #.# *,,,*,,,**,,,,
........# #!# #.# *,,,*,,,**,,,,
........####.# #@# *,,,*,,,**,,,,
.........O...# #.# *,,,*,,,**,,,,
........O.OO.###.# *,,,*,,,**,,,,
........###..O.9.# *,<,*,,,**,,,,
........# #..9O..# *,,,*,,,**,,,,
........# #..###O# *,,,*,,,**,,,,
##...#..# #..# #.# *,,,*,,,,,,,,,
*#...#.9# #..# #.#**,,,*,,,,,,,,,
*#..,#..# #..# #..,,,,,*,,,,,,,,,


You could see an ogre mage (fleeing) and a gargoyle.

Vanquished Creatures
  Harold (D:8)
  A two-headed ogre (D:9)
  Joseph (D:7)
  Psyche (D:8)
  A hippogriff (D:7)
  A spriggan (D:8)
  A wraith (Ossuary)
  3 yaks (D:9)
  3 ice beasts (D:7)
  8 orc warriors
  A sky beast (D:7)
  A black bear (D:6)
  7 ogres
  4 phantoms
  2 centaurs
  6 bullfrogs
  Blork the orc (D:4)
  A gnoll sergeant (D:9)
  2 scorpions
  5 killer bees (D:9)
  4 crimson imps
  A quasit (D:7)
  2 bullfrog zombies
  5 hounds
  3 bullfrog skeletons
  5 orc priests
  A centaur skeleton (D:4)
  A jelly (D:7)
  8 orc wizards
  An iguana (D:7)
  Terence (D:2)
  8 worker ants
  A hound zombie (D:8)
  3 mummies (Ossuary)
  A howler monkey zombie (D:6)
  A worker ant zombie (D:8)
  9 adders
  4 gnolls (D:9)
  A shadow imp (D:6)
  2 oozes (D:6)
  2 adder zombies
  An adder skeleton (D:5)
  2 dart slugs
  2 worms (D:2)
  4 leopard geckos
  48 orcs
  4 ball pythons
  4 bats
  10 giant cockroaches
  A gnoll zombie (Ossuary)
  9 goblins
  7 hobgoblins
  8 quokkas
  6 frilled lizards
  2 goblin zombies (Ossuary)
  7 hobgoblin zombies (Ossuary)
  10 kobolds
  A kobold zombie (Ossuary)
  A quokka skeleton (D:5)
  2 quokka zombies
  8 rats
252 creatures vanquished.

Vanquished Creatures (collateral kills)
  3 adders (D:3)
  A bat (D:3)
4 creatures vanquished.

Grand Total: 256 creatures vanquished

Notes
Turn   | Place    | Note
-------+----------+-------------------------------------------
     0 | D:1      | SolCadguy the Draconian Transmuter began the quest for the Orb.
     0 | D:1      | Reached XP level 1. HP: 16/16 MP: 3/3
    94 | D:1      | Reached XP level 2. HP: 16/23 MP: 5/5
   337 | D:1      | Reached skill level 4 in Unarmed Combat
   372 | D:1      | Learned a level 2 spell: Sticks to Snakes
   450 | D:1      | Reached XP level 3. HP: 16/28 MP: 6/6
   488 | D:1      | Learned a level 3 spell: Spider Form
  1018 | D:2      | Noticed Terence
  1025 | D:2      | Killed Terence
  1025 | D:2      | Reached skill level 1 in Poison Magic
  1025 | D:2      | Reached XP level 4. HP: 35/35 MP: 3/7
  1145 | D:2      | Found a white marble altar of Elyvilon.
  1687 | D:3      | Reached skill level 5 in Unarmed Combat
  1725 | D:3      | Reached XP level 5. HP: 33/40 MP: 5/8
  1766 | D:3      | Found a transporter.
  1766 | D:3      | Noticed CowFu's ghost (amateur DsBe)
  1789 | D:3      | Found a transporter.
  2969 | D:4      | Found a blossoming altar of Fedhas.
  2970 | D:4      | Found a deep blue altar of Sif Muna.
  2970 | D:4      | Found an opulent altar of Gozag.
  2970 | D:4      | Noticed an ogre
  2987 | D:4      | Killed an ogre
  2987 | D:4      | Reached XP level 6. HP: 28/47 MP: 6/9
  3227 | D:4      | Found a sand-covered staircase.
  3233 | Ossuary  | Entered an ossuary
  3233 | Ossuary  | Noticed a wraith
  3233 | Ossuary  | Noticed a wraith
  3233 | Ossuary  | Noticed a wraith
  3321 | Ossuary  | Reached skill level 6 in Unarmed Combat
  3873 | Ossuary  | Noticed a wraith
  3897 | Ossuary  | Killed a wraith
  3897 | Ossuary  | Reached skill level 5 in Transmutations
  3897 | Ossuary  | Your scales start taking on a lurid green colour.
  3897 | Ossuary  | Reached XP level 7. HP: 23/52 MP: 2/10
  3897 | Ossuary  | Gained mutation: Your system is resistant to poisons. (rPois) [Green Draconian growth]
  4745 | D:4      | Reached skill level 7 in Unarmed Combat
  4974 | D:4      | Found a glowing golden altar of the Shining One.
  5212 | D:4      | Noticed Blork the orc
  5231 | D:4      | Killed Blork the orc
  5231 | D:4      | Reached XP level 8. HP: 52/59 MP: 8/11
  5250 | D:4      | Learned a level 5 spell: Blade Hands
  5354 | D:5      | Entered Level 5 of the Dungeon
  5354 | D:5      | Found Rown's Antique Weapon Shoppe.
  5424 | D:5      | Found a staircase to the Ecumenical Temple.
  5428 | Temple   | Entered the Ecumenical Temple
  5565 | Temple   | Became a worshipper of the Wu Jian Council
  5675 | D:5      | Reached skill level 8 in Unarmed Combat
  5854 | D:5      | Found Texteal's Gadget Boutique.
  5871 | D:5      | Found Dilanuepn's Distillery.
  5874 | D:5      | Bought a potion of berserk rage for 65 gold pieces
  5874 | D:5      | Bought a potion of might for 52 gold pieces
  5923 | D:5      | Found Watz's Assorted Antiques.
  5931 | D:5      | Bought a scroll labeled MOUTEMU JAUDO for 21 gold pieces
  5931 | D:5      | Bought a scroll of identify for 42 gold pieces
  5969 | D:5      | Found Nesategh's Assorted Antiques.
  6418 | D:6      | Reached * piety under Wu Jian
  6434 | D:6      | Reached skill level 9 in Unarmed Combat
  6696 | D:6      | Reached XP level 9. HP: 64/64 MP: 8/12
  7740 | D:7      | Noticed Joseph
  7751 | D:7      | Killed Joseph
  7955 | D:7      | Reached skill level 10 in Unarmed Combat
  8384 | D:8      | Found a shattered altar of Ashenzari.
  8506 | D:8      | Noticed Psyche
  8523 | D:8      | Killed Psyche
  8523 | D:8      | Reached ** piety under Wu Jian
  8523 | D:8      | Reached skill level 1 in Stealth
  8731 | D:8      | Reached XP level 10. HP: 47/78 MP: 8/13
  8776 | D:8      | Found a roughly hewn altar of Beogh.
  8990 | D:8      | Noticed Harold
  9001 | D:8      | Killed Harold
  9001 | D:8      | Reached skill level 5 in Fighting
  9519 | D:9      | Noticed a two-headed ogre
  9534 | D:9      | Killed a two-headed ogre
  9534 | D:9      | Reached skill level 5 in Dodging
  9585 | D:9      | Reached *** piety under Wu Jian
 10084 | D:9      | Reached skill level 11 in Unarmed Combat
 10281 | D:9      | You fall through a shaft for 3 floors!
 10281 | D:12     | Noticed a gargoyle
 10285 | D:12     | Noticed an ogre mage
 10293 | D:12     | Noticed a two-headed ogre
 10294 | D:12     | Noticed a two-headed ogre
 10304 | D:12     | Killed from afar by a gargoyle

Skill      XL: |  1  2  3  4  5  6  7  8  9 10 |
---------------+-------------------------------+-----
Unarmed Combat | 4 5 6 7 9 10 11 | 11.0
Poison Magic   | 1 |  1.5
Transmutations | 3 5 6 8 9 |  9.1
Dodging        | 3 5 |  5.6
Fighting       | 4 6 |  6.4
Stealth        | 1 4 |  4.6
Spellcasting   | |  2.0

Action                   |  1- 3 |  4- 6 |  7- 9 | 10-12 || total
-------------------------+-------+-------+-------+-------++-------
Melee: Unarmed           |   109 |   191 |   402 |   207 ||   909
       Headbutt          |     5 |     5 |    14 |       ||    24
       Tailslap          |     4 |    21 |    37 |    28 ||    90
       Punch             |     1 |     4 |    11 |    10 ||    26
       Kick              |     2 |     9 |     9 |    11 ||    31
 Fire: Hunting sling     |       |     9 |     4 |       ||    13
Throw: Stone             |       |    31 |    26 |    12 ||    69
 Cast: Beastly Appendage |    13 |    14 |    16 |     2 ||    45
       Spider Form       |     2 |    11 |    13 |     3 ||    29
       Sticks to Snakes  |     1 |     5 |     3 |       ||     9
       Blade Hands       |       |       |     4 |     6 ||    10
Invok: Lunge             |       |       |    16 |    21 ||    37
       Whirlwind         |       |       |    14 |     6 ||    20
       Wall Jump         |       |       |       |     4 ||     4
 Abil: End Transformatio |       |     1 |     1 |       ||     2
       Breathe Noxious F |       |       |     4 |     5 ||     9
  Use: Scroll            |     2 |     4 |     8 |     9 ||    23
       Potion            |       |     1 |     3 |       ||     4
 Stab: Sleeping          |       |     2 |     1 |     2 ||     5
       Confused          |       |       |       |     4 ||     4
  Eat: Chunk             |     1 |    10 |    11 |     9 ||    31
       Ration            |       |     1 |     2 |       ||     3
Armor: Skin              |    27 |    30 |   100 |    29 ||   186
Dodge: Dodged            |    84 |   121 |   243 |   105 ||   553
